 Dungeon Crawl Stone Soup version 0.27.0-66-gdc8fb28755 (webtiles) character file.

Game seed: 2945130608578671701

667 ABBCCCDDDD the Shield-Bearer (level 7, -2/60 HPs)
             Began as a Gnoll Fighter on Aug 19, 2021.
             Succumbed to an orc wizard's poison
             ... on level 4 of the Dungeon.
             The game lasted 00:04:20 (4259 turns).

ABBCCCDDDD the Shield-Bearer (Gnoll Fighter)        Turns: 4259, Time: 00:04:21

Health: -2/60      AC: 13    Str: 15    XL:     7   Next: 57%
Magic:  10/10      EV:  6    Int: 10    God:
Gold:   142        SH: 10    Dex: 11    Spells: 11/11 levels left

rFire    . . .     SeeInvis .   a - +0 war axe
rCold    . . .     Faith    .   c - +0 kite shield
rNeg     . . .     Spirit   .   o - +0 chain mail
rPois    .         Reflect  .   l - +0 helmet
rElec    .         Harm     .   (no cloak)
rCorr    .         Rampage  .   k - +0 pair of gloves
Will     .....                  (no boots)
Stlth    ..........             (no amulet)
HPRegen  0.20/turn              (no ring)
MPRegen  0.12/turn              (no ring)

@: lethally poisoned (-2 -> -27)
A: fangs 1, strong nose, distributed training
a: no special abilities


You were on level 4 of the Dungeon.
You visited 1 branch of the dungeon, and saw 4 of its levels.

You collected 142 gold pieces.

Inventory:

Hand Weapons
 a - a +0 war axe (weapon)
 j - the +0 scythe "Uplem" {vorpal, rPois Will- Str+5}
   (You found it on level 4 of the Dungeon)

   It inflicts extra damage upon your enemies.
   Str:       It affects your strength (+5).
   rPois:     It protects you from poison.
   Will:      It decreases your willpower.
Armour
 b - a +0 scale mail
 c - a +0 kite shield (worn)
 k - a +0 pair of gloves (worn)
 l - a +0 helmet (worn)
 o - a +0 chain mail (worn)
Scrolls
 f - 5 scrolls of identify {unknown}
 i - a scroll of amnesia {unknown}
 m - a scroll of teleportation {unknown}
 q - a scroll of holy word {unknown}
Potions
 d - a potion of might
 e - 3 potions of attraction {unknown}
 g - a potion of ambrosia {unknown}
 h - 3 potions of curing
 n - a potion of mutation {unknown}
 p - a potion of berserk rage {unknown}
 r - a potion of haste {unknown}


   Skills:
 + Level 7.1 Fighting
 + Level 2.5 Short Blades
 + Level 2.5 Long Blades
 + Level 5.3 Axes
 + Level 2.5 Maces & Flails
 + Level 2.5 Polearms
 + Level 2.5 Staves
 + Level 2.5 Slings
 + Level 2.5 Bows
 + Level 2.5 Crossbows
 + Level 2.5 Throwing
 + Level 7.1 Armour
 + Level 2.5 Dodging
 + Level 2.5 Stealth
 + Level 7.1 Shields
 + Level 2.5 Unarmed Combat
 + Level 2.5 Spellcasting
 + Level 2.1 Conjurations
 + Level 2.1 Hexes
 + Level 2.1 Summonings
 + Level 2.1 Necromancy
 + Level 2.1 Translocations
 + Level 2.1 Transmutations
 + Level 2.1 Fire Magic
 + Level 2.1 Ice Magic
 + Level 2.1 Air Magic
 + Level 2.1 Earth Magic
 + Level 2.1 Poison Magic
 + Level 2.8 Invocations
 + Level 2.5 Evocations


You had 11 spell levels left.
You didn't know any spells.
Your spell library was empty.

Dungeon Overview and Level Annotations

Branches:
Dungeon (4/15)
 Temple: D:4-7

Altars:
Wu Jian
Zin

Shops:
D:1 !


Innate Abilities, Weirdness & Mutations

You have very sharp teeth.
Your uncanny sense of smell can sniff out nearby items.
Your experience applies equally to all skills.


Message History

Your chain mail prevents you from hitting something.
Something hits you but does no damage.
You are poisoned.
You closely miss something. You bite something.
You feel very sick.
You hear some strange, mumbled words.
A magic dart appears from out of thin air!
The magic dart hits you. Something hits you but does no damage.
You miss something.
You feel sick. Something hits you.
You are more poisoned.
You barely miss something.
You feel very sick. Something hits you but does no damage.
You are more poisoned.
Something hits you but does no damage.
You are more poisoned.
You miss something.
You feel extremely sick. Something hits you but does no damage.
You are more poisoned.
You slash something!
You feel extremely sick. Something hits you but does no damage.
You are lethally poisoned!
You hit something.
* * * LOW HITPOINT WARNING * * *
You feel extremely sick. Something hits you but does no damage.
You are more poisoned.
Something hits you but does no damage.
You are more poisoned.
Your shield and chain mail prevent you from hitting something.
* * * LOW HITPOINT WARNING * * *
You feel extremely sick. Something hits you.
* * * LOW HITPOINT WARNING * * *
You slash something!
Reactivating autopickup.
You feel a bit more experienced.
You die...

.# #######.# .#
#.# ##. ## #.# #..
#.# #.# #.# #.#
####.# #.#
#######....# #o#
...........# #)#
#######.#### #@# #
#.# #.# #######.#
#.# ........# #.#
######### #.#
######## #######.#
.......# #.......#
######.###.####..#
#####...##.## #..#


You could see an orc.

Levels and vault maps discovered:
D:1:      minmay_arrival_jagged, layout_rooms, serial_shops, shop_statue
D:2:      layout_basic
D:3:      layout_rooms, shapermc_ecumenical_altar_venn, uniq_grinder,
          uniq_robin, uniq_jessica
D:4:      layout_loops_ring, zin_statuary, general_overflow_altar

Notes
Turn   | Place    | Note
-------+----------+-------------------------------------------
     0 | D:1      | ABBCCCDDDD the Gnoll Fighter began the quest for the Orb.
     0 | D:1      | Reached XP level 1. HP: 23/23 MP: 1/1
   177 | D:1      | Reached XP level 2. HP: 27/29 MP: 2/2
   404 | D:1      | Reached XP level 3. HP: 34/35 MP: 3/3
   447 | D:1      | Found Hoypihukk's Distillery.
   796 | D:2      | Reached skill level 1 in Invocations
   892 | D:2      | Reached skill level 1 in Short Blades
   892 | D:2      | Reached skill level 1 in Long Blades
   892 | D:2      | Reached skill level 1 in Maces & Flails
   892 | D:2      | Reached skill level 1 in Polearms
   892 | D:2      | Reached skill level 1 in Staves
   892 | D:2      | Reached skill level 1 in Slings
   892 | D:2      | Reached skill level 1 in Bows
   892 | D:2      | Reached skill level 1 in Crossbows
   892 | D:2      | Reached skill level 1 in Throwing
   892 | D:2      | Reached skill level 1 in Dodging
   892 | D:2      | Reached skill level 1 in Stealth
   892 | D:2      | Reached skill level 1 in Unarmed Combat
   892 | D:2      | Reached skill level 1 in Spellcasting
   892 | D:2      | Reached skill level 1 in Evocations
  1027 | D:2      | Reached XP level 4. HP: 27/41 MP: 5/5
  1035 | D:2      | Reached skill level 1 in Conjurations
  1035 | D:2      | Reached skill level 1 in Hexes
  1035 | D:2      | Reached skill level 1 in Summonings
  1035 | D:2      | Reached skill level 1 in Necromancy
  1035 | D:2      | Reached skill level 1 in Translocations
  1035 | D:2      | Reached skill level 1 in Transmutations
  1035 | D:2      | Reached skill level 1 in Fire Magic
  1035 | D:2      | Reached skill level 1 in Ice Magic
  1035 | D:2      | Reached skill level 1 in Air Magic
  1035 | D:2      | Reached skill level 1 in Earth Magic
  1035 | D:2      | Reached skill level 1 in Poison Magic
  1251 | D:2      | Reached XP level 5. HP: 40/47 MP: 6/6
  1458 | D:2      | You fall into a shaft and drop 2 floors!
  1509 | D:4      | Identified the +0 scythe "Uplem" {vorpal, rPois Will-
                  | Str+5}
  1558 | D:3      | Found a faded altar of an unknown god.
  1558 | D:3      | Noticed Jessica
  1563 | D:3      | Killed Jessica
  1703 | D:3      | Noticed Grinder
  1712 | D:3      | Paralysed by Grinder for 4 turns
  2198 | D:3      | Noticed Robin
  2584 | D:3      | Killed Robin
  2725 | D:3      | Killed Grinder
  2726 | D:3      | Reached skill level 5 in Axes
  2726 | D:3      | Reached XP level 6. HP: 44/53 MP: 7/9
  2893 | D:4      | Reached XP level 7. HP: 59/59 MP: 10/10
  3513 | D:4      | Found an ornate altar of the Wu Jian Council.
  4221 | D:4      | Found a glowing silver altar of Zin.
  4259 | D:4      | Succumbed to an orc wizard's poison

Table legend: (Time is in decaauts)
 A = Elapsed time spent in this place.
 B = Non-inter-level travel time spent in this place.
 C = Inter-level travel time spent in this place.
 D = Time resting spent in this place.
 E = Time spent auto-exploring this place.
 F = Levels seen in this place.
 G = Mean time per level.
                   A        B        C        D        E       F      G
               +--------+--------+--------+--------+--------+-----+--------+
         Total |   4381 |   4333 |     48 |   1524 |   2125 |   4 | 1095.2 |
       Dungeon |   4381 |   4333 |     48 |   1524 |   2125 |   4 | 1095.2 |
               +--------+--------+--------+--------+--------+-----+--------+

Top non-repeatable levels by time:
     D:4: 1519 daAuts
     D:2: 1480 daAuts
     D:1: 824 daAuts
     D:3: 557 daAuts

Table legend:
 A = Kills in this place as a percentage of kills in entire the game.
 B = Kills by you in this place as a percentage of kills by you in the entire game.
 C = Kills by friends in this place as a percentage of kills by friends in the entire game.
 D = Other kills in this place as a percentage of other kills in the entire game.
 E = Experience gained in this place as a percentage of experience gained in the entire game.
 F = Experience gained in this place divided by the number of levels of this place that you have seen.
                   A       B       C       D       E      F
               +-------+-------+-------+-------+-------+----------------------
         Total | 100.0 | 100.0 |   N/A |   N/A | 100.0 | 247.5
       Dungeon | 100.0 | 100.0 |   N/A |   N/A | 100.0 | 247.5
               +-------+-------+-------+-------+-------+----------------------

Action                   |  1- 3 |  4- 6 |  7- 9 || total
-------------------------+-------+-------+-------++-------
Melee: War axe           |   105 |   100 |    77 ||   282
       Bite              |     5 |    13 |    10 ||    28
Armor: Scale mail        |    40 |    83 |     9 ||   132
       Chain mail        |       |       |    28 ||    28
Dodge: Dodged            |    36 |    58 |     9 ||   103
Block: Kite shield       |    58 |    82 |    39 ||   179

Vanquished Creatures
  Grinder (D:3)
  An ogre (D:4)
  A scorpion (D:4)
  A centaur zombie (D:4)
  A jelly (D:4)
  A hound (D:4)
  Jessica (D:3)
  3 orc wizards
  A hound skeleton (D:4)
  Robin (D:3)
  4 adders
  2 adder skeletons (D:4)
  3 worms
  2 dart slugs
  7 orcs
  5 ball pythons
  2 bats
  4 endoplasms
  2 giant cockroaches
  15 goblins
  5 hobgoblins
  9 jackals
  7 kobolds
  2 quokkas
  2 frilled lizards
  6 rats
89 creatures vanquished.
